Map: Orbital Shipyard

Players

DaSniper

  • Race: Protoss Protoss
  • League: Diamond

LilDicky - Winner!

  • Race: Terran Terran
  • League: Diamond

VOD

http://www.twitch.tv/tumescentpie

Description

Time

  • Played on: Dec. 1, 2015, 3:40 p.m.
  • Length: 5:57
Show
View Real Time Build Order
Export as new Build Order

DaSniper Protoss 

Build Orders: Forge Fast Expand (FFE) 

Get SALT Encoding   

  12  0:01  Probe (Chrono Boost)  
  13  0:12  Probe (Chrono Boost)  
  14  0:19  Pylon  
  14  0:23  Probe (Chrono Boost)  
  15  0:37  Probe (Chrono Boost)  
  16  0:47  Probe (Chrono Boost), Forge  
  17  0:58  Probe (Chrono Boost)  
  18  1:07  Gateway  
  18  1:20  Nexus  
  18  1:25  Assimilator  
  18  1:30  Assimilator  
  18  1:41  Pylon  
  18  1:43  Probe (Chrono Boost)  
  19  1:53  Probe (Chrono Boost)  
  19  2:11  Probe (Chrono Boost)  
  20  2:16  Pylon  
  20  2:21  Cybernetics Core  
  20  2:24  Probe (Chrono Boost)  
  21  2:33  Probe (Chrono Boost)  
  21  2:35  Probe (Chrono Boost)  
  23  2:43  Probe (Chrono Boost)  
  24  2:46  Probe (Chrono Boost)  
  25  2:54  Probe (Chrono Boost)  
  26  2:59  Stargate  
  26  3:01  Probe (Chrono Boost)  
  26  3:05  Probe (Chrono Boost)  
  28  3:08  Stalker  
  28  3:12  Mothership Core (Chrono Boost)  
  32  3:16  Pylon  
  31  3:38  Robotics Facility  
  28  4:25  Observer  
  28  4:46  Observer  
  29  4:55  Probe (Chrono Boost)  
  30  5:01  Stalker  
  32  5:17  Probe (Chrono Boost), Oracle (Chrono Boost)  
  32  5:19  Probe  
  37  5:34  Probe  
  37  5:36  Probe  
Show
View Real Time Build Order
Export as new Build Order

LilDicky Terran - Winner!

Build Orders: MMM Bio 

Get SALT Encoding   

  12  0:01  SCV  
  13  0:13  SCV  
  14  0:18  Supply Depot  
  14  0:25  SCV  
  15  0:32  Refinery  
  15  0:40  SCV  
  16  0:44  Barracks  
  16  0:52  SCV  
  17  1:04  SCV  
  18  1:16  SCV  
  19  1:24  Supply Depot  
  19  1:34  Factory  
  19  1:37  Marine  
  19  1:39  Orbital Command  
  20  1:56  Marine  
  21  2:12  Barracks  
  21  2:14  Barracks  
  21  2:15  SCV  
  22  2:34  Barracks Reactor  
  22  2:35  SCV  
  23  2:38  Refinery  
  23  2:40  Supply Depot  
  23  2:45  Widow Mine  
  25  2:56  SCV  
  26  3:09  Barracks Tech Lab  
  26  3:10  Barracks Tech Lab  
  26  3:11  Marine x2  
  28  3:14  SCV  
  28  3:16  Supply Depot  
  29  3:20  Widow Mine  
  31  3:29  Combat Shields, Stimpack  
  31  3:30  Marine  
  31  3:32  Marine  
  34  3:48  Marauder, Marine  
  34  3:49  Marauder  
  34  3:50  Marine  
  38  4:06  SCV, Marine  
  38  4:08  Starport, Marine  
  41  4:10  Supply Depot  
  43  4:18  Marauder  
  43  4:37  Widow Mine  
  45  4:39  Marauder x2  
  49  4:48  Medivac, Marine x2  
  51  5:02  SCV  
  52  5:14  Marauder x2, Marine  
  52  5:20  Medivac  
  55  5:30  Supply Depot  
Tags
 
Add a new tag
Caveats
  • Supply blocks, unpowered buildings, or Contaminate may cause inaccurate times.
  • Supply counts are checked every 10 seconds.